 Dungeon Crawl Stone Soup version 0.22.0-38-g04b72b8 (webtiles) character file.

114 JeffiDaFish the Digger (level 4, -9/24 HPs)
             Began as a Gargoyle Earth Elementalist on Aug 30, 2018.
             Splashed by Robin's acid (13 damage)
             ... on level 3 of the Dungeon.
             The game lasted 00:05:03 (2647 turns).

JeffiDaFish the Digger (GrEE)                       Turns: 2647, Time: 00:05:03

Health: -9/24      AC:  3    Str: 12    XL:     4   Next: 98%
Magic:  6/17       EV: 12    Int: 16    God:
Gold:   107        SH:  0    Dex: 10    Spells: 5/9 levels left

rFire    . . .     SeeInvis .   a - +0 whip
rCold    . . .     Gourm    .   (no shield)
rNeg     + . .     Faith    .   c - +1 robe
rPois    ∞         Spirit   .   (no helmet)
rElec    +         Reflect  .   (no cloak)
rCorr    .         Harm     .   k - +0 pair of gloves
MR       .....                  (no boots)
Stlth    ++........             (no amulet)
HPRegen  0.08/turn              e - ring of flight
MPRegen  0.15/turn              g - ring of magical power

@: corroded
A: negative energy resistance 1, electricity resistance, unbreathing,
petrification resistance, rot immunity, AC +3
a: Evoke Flight


You were on level 3 of the Dungeon.
You were not hungry.

You visited 1 branch of the dungeon, and saw 3 of its levels.

You collected 107 gold pieces.

Inventory:

Hand Weapons
 a - a +0 whip (weapon)
Missiles
 b - 75 stones (quivered)
Armour
 c - a +1 robe (worn)
 k - a +0 pair of gloves (worn)
Jewellery
 e - a ring of flight (left hand)
 g - a ring of magical power (right hand)
Scrolls
 f - a scroll of teleportation
 j - 3 scrolls of identify
Potions
 i - a potion of haste
Comestibles
 d - 2 rations
 h - 11 chunks of flesh


   Skills:
 + Level 2.1 Dodging
 - Level 2.2 Stealth
 * Level 3.0 Spellcasting
   Level 0.7 Transmutations
 * Level 5.4 Earth Magic


You had 5 spell levels left.
You knew the following spells:

 Your Spells              Type           Power        Failure   Level  Hunger
a - Sandblast             Erth           ###...       1%          1    #......
b - Stone Arrow           Conj/Erth      ##....       19%         3    ###....

Your spell library contained the following spells:

 Spells                   Type           Power        Failure   Level  Hunger
 Passwall                 Tmut/Erth      ##......     9%          2    ##.....
 Petrify                  Tmut/Erth      ##......     47%         4    #####..
 Lee's Rapid Deconstruct  Erth           ###.......   50%         5    ######.


Dungeon Overview and Level Annotations

Branches:
Dungeon (3/15)

Altars:

Annotations:
D:3 Robin


Innate Abilities, Weirdness & Mutations

You are resistant to torment.
Your stone body is resilient. (AC +3)
You are immune to poison.
You resist negative energy. (rN+)
You are resistant to electric shocks. (rElec)
You can survive without breathing.
You are immune to petrification.
You are immune to rotting.


Message History

Butcher a goblin corpse? [(y)es/(n)o/(a)ll/(q)uit/?]
You butcher the goblin corpse.
You butcher the jackal corpse.
h - 9 chunks of flesh (gained 2);
h - 11 chunks of flesh (gained 2)
There is an open door, spattered with blood here.
Things that are here:
a club x2; a jackal skeleton Robin of the Strong Arm comes into view.
She is wielding a staff of poison.
Robin roars a battlecry!
Casting: Sandblast (safe; 1% risk of failure)
Confirm with . or Enter, or press ? or * to list all spells.
Aiming: Stone Arrow (safe; 19% risk of failure)
Press: ? - help, Shift-Dir - straight line, f - Robin
Aim: Robin, wielding a staff of poison, wearing an animal skin and wearing a helmet The stone arrow misses Robin.
Robin zaps a wand.
The bolt of acid hits you!
Ouch! That really hurt!
* * * LOW HITPOINT WARNING * * *
The acid corrodes you!
You are splashed with acid!
The acid burns!
Ouch! That really hurt!
You die...

#≈≈≈.....#.....# .#
#≈≈....).#.....# #
#≈≈..##'##.....#
#≈≈).#...#.....#
#≈≈..#...#..÷).#
#≈≈..#...#.....#
#≈≈..##)##.....##+##
#≈≈.).#............#
#≈≈...#..@...g..g..#
#≈≈...##########...#
#≈≈#### #...# #≈≈
gggg..'...# #≈≈
g.g...'...# ###
###########


You could see Robin and a hobgoblin (wandering).

Vanquished Creatures
  A worker ant (D:2)
  An adder (D:2)
  3 worms (D:2)
  3 dart slugs
  7 bats
  2 giant cockroaches
  12 goblins
  11 hobgoblins
  4 jackals
  6 kobolds
  A quokka (D:2)
  A ball python (D:2)
  2 frilled lizards
  4 rats
58 creatures vanquished.

Notes
Turn   | Place    | Note
-------+----------+-------------------------------------------
     0 | D:1      | JeffiDaFish the Gargoyle Earth Elementalist began the quest for the Orb.
     0 | D:1      | Reached XP level 1. HP: 10/10 MP: 3/3
    49 | D:1      | Reached skill level 4 in Earth Magic
    53 | D:1      | Reached XP level 2. HP: 11/15 MP: 0/5
   945 | D:1      | Reached XP level 3. HP: 19/19 MP: 6/6
  1217 | D:1      | Learned a level 3 spell: Stone Arrow
  1564 | D:2      | Reached skill level 5 in Earth Magic
  1564 | D:2      | Reached XP level 4. HP: 18/24 MP: 3/8
  2644 | D:3      | Noticed Robin
  2647 | D:3      | Splashed by Robin's acid

Skill      XL: |  1  2  3  4 |
---------------+-------------+-----
Earth Magic    | 4 5 |  5.4
Dodging        | 2 |  2.1
Spellcasting   | 3 |  3.0
Stealth        | |  2.2
Transmutations | |  0.7

Action                   |  1- 3 |  4- 6 || total
-------------------------+-------+-------++-------
Melee: Whip              |    75 |    66 ||   141
 Cast: Sandblast         |    33 |    19 ||    52
       Stone Arrow       |     6 |    10 ||    16
  Use: Scroll            |     5 |     1 ||     6
       Potion            |     3 |       ||     3
 Stab: Sleeping          |       |     1 ||     1
  Eat: Chunk             |     3 |     5 ||     8
Armor: Robe              |    33 |    33 ||    66
Dodge: Dodged            |    79 |    62 ||   141
